 Dungeon Sprint DCSS version 0.21-a0-50-g941c862 (webtiles) character file.

37634 Kidiri the Brawler (level 13, -3/145 HPs)
             Began as a Troll Monk on June 11, 2017.
             Was the Champion of Wu Jian.
             Slain by an Orb Guardian (18 damage)
             ... in the Dungeon (Sprint V: "Ziggurat Sprint").
             The game lasted 00:17:16 (1435 turns).

Kidiri the Brawler (Troll Monk)                     Turns: 1435, Time: 00:17:16

Health: -3/145     AC: 19    Str: 28    XL:     13   Next: 59%
Magic:  18/18      EV:  8    Int:  6    God:    Wu Jian [******]
Gold:   0          SH: 35    Dex: 26    Spells: 12/12 levels left

rFire    + . .     SeeInvis +     - Unarmed
rCold    + . .     Gourm    +   z - +18 shield of the Gong {rElec rN+ MR+ EV-5}
rNeg     + . .     Faith    .   A - +5 gold dragon scales
rPois    +         Spirit   .   (helmet restricted)
rElec    +         Reflect  +   (no cloak)
rCorr    .         Harm     .   (gloves unavailable)
MR       +....     NoTele   +   (boots unavailable)
Stlth    ..........             M - +4 amulet of reflection
Regen    0.8/turn               x - +6 ring of dexterity
MPRegen  0.2/turn               O - ring of Cefo {Wiz Str+6 Dex+4 SInv}

@: slowed, glowing, heavenly storm, very slow
A: unfitting armour, claws 3, deformed body, fast metabolism 3, gourmand, poison
resistance, regeneration 1, shaggy fur 1, tough skin 2
a: Serpent's Lash, Heavenly Storm, Renounce Religion


You were in the Dungeon.
You worshipped Wu Jian.
Wu Jian was exalted by your worship.
You were very full.

You visited 1 branch

Inventory:

Missiles
 K - 8 tomahawks (quivered)
 L - 2 throwing nets
Armour
 z - the +18 shield of the Gong (worn) {rElec rN+ MR+ EV-5}
   (You found it in the Dungeon)

   It affects your evasion (-5).
   It insulates you from electricity.
   It protects you from negative energy.
   It affects your resistance to hostile enchantments.
 A - +5 gold dragon scales (worn)
Jewellery
 a - the amulet of Eneilao {+Blink Regen+}
   (You found it in the Dungeon)

   [amulet of regeneration]

   It lets you blink.
   It increases your rate of regeneration.
 x - a +6 ring of dexterity (left claw)
 y - a +6 ring of dexterity
 B - a +6 ring of strength
 C - a +6 ring of strength
 H - an uncursed ring of protection from cold
 I - an uncursed ring of resist corrosion
 M - a +4 amulet of reflection (around neck)
 N - the ring "Qitu" {*Drain +Fly rElec Dex+4}
   (You found it in the Dungeon)

   [ring of flight]

   It affects your dexterity (+4).
   It insulates you from electricity.
   It lets you fly.
   It causes draining when unequipped.
 O - the ring of Cefo (right claw) {Wiz Str+6 Dex+4 SInv}
   (You found it in the Dungeon)

   [ring of wizardry]

   It improves your spell success rate.
   It affects your strength (+6).
   It affects your dexterity (+4).
   It lets you see invisible.
 Q - an uncursed ring of protection from magic
Wands
 D - a wand of disintegration (7/24)
 E - a wand of iceblast (2/15)
 F - a wand of lightning (5/15)
 G - a wand of acid (5/15)
Scrolls
 h - 4 scrolls of blinking
 o - 4 scrolls of amnesia
 p - 3 scrolls of recharging
 q - 7 scrolls of fog
 r - a scroll of holy word
 s - 5 scrolls of identify
 t - 4 scrolls of remove curse
 u - 2 scrolls of fear
 J - 2 scrolls of brand weapon
 P - 4 scrolls of enchant armour
Potions
 c - 9 potions of curing
 d - 5 potions of heal wounds
 e - 6 potions of haste
 f - 7 potions of magic
 g - 3 potions of berserk rage
 i - 2 potions of brilliance
 j - 2 potions of invisibility
 k - 4 potions of resistance
 m - 6 potions of agility
 n - 5 potions of might
Comestibles
 b - 6 bread rations
 l - 12 chunks of flesh
 v - 42 fruits
 w - 4 meat rations


   Skills:
 * Level 13.6 Fighting
 + Level 9.8 Armour
 * Level 13.7 Dodging
 * Level 10.7 Stealth
 + Level 9.8 Shields
 * Level 15.8 Unarmed Combat
 + Level 9.2 Evocations


You had 12 spell levels left.
You didn't know any spells.

Dungeon Overview and Level Annotations

Branches:
Dungeon (1/1)

Altars:
Ashenzari
Cheibriados
Dithmenos
Elyvilon
Fedhas
Gozag
Hepliaklqana
Kikubaaqudgha
Makhleb
Nemelex Xobeh
Okawaru
Qazlal
Ru
Sif Muna
Trog
Uskayaw
Vehumet
Wu Jian
Xom
Yredelemnul
Zin
The Shining One
Beogh
Jiyva
Lugonu


Innate Abilities, Weirdness & Mutations

You are too large for most types of armour.
You have claws for hands.
Your metabolism is lightning-fast.
You like to eat raw meat.
Your natural rate of healing is unusually fast.
You are covered in fur. (AC +1)
You have very tough skin. (AC +2)
Armour fits poorly on your strangely shaped body.
Your system is resistant to poisons. (rPois)


Message History

PTOANNNG!
The red draconian hits you with a dire flail.
* * * LOW HITPOINT WARNING * * *
You block the Orb Guardian's attack.
BONNNG!
Unknown command.
Unknown command.
You feel much better. The death cob hits you.
* * * LOW HITPOINT WARNING * * *
The death cob drains your vigour!
You feel as though you will be slow longer.
The death cob hits you!
* * * LOW HITPOINT WARNING * * *
You block the Orb Guardian's attack.
SHROANNG!
You block the death cob's attack.
PTOANNNG!
The yellow draconian rages.
The Orb Guardian hits you!!
You die...

▓..}[}}))[..▓▓.[.|.▓.}))
▓..}:|:[[?..▓▓..[..▓....
▓..Xd.......▓▓.))÷.▓....
▓...dddd.X..▓▓.....▓...%
▓...........▓▓.....▓....
.§§§d§§§. ▓.....▓....
▓§§Xdd▓ ▓▓▓▓▓▓▓▓▓▓▓▓
▓▓dzX▓▓ ▓..8©8...▓..
▓..▓§dd@§▓..▓..))}...▓..
▓..§§§§§§§..▓........▓..
▓▓▓▓▓▓▓▓▓▓▓▓▓...%....▓..
▓....8©8....▓........▓..
▓..|)}[||}..▓.▓..%.▓.▓..
▓....=|[.|..▓........▓..
▓...........▓▓▓▓▓▓▓▓▓▓▓▓
▓...........▓...8©8...▓.
▓...........▓..[):)...▓.


You could see a black draconian, a yellow draconian (berserk), a purple
draconian, a red draconian, a white draconian, a death cob and 2 Orb Guardians.

Vanquished Creatures
  A pandemonium lord (D)
  A deep elf blademaster (D)
  A cacodemon (D)
  A deep elf sorcerer (D)
  A deep elf annihilator (D)
  A white draconian (D)
  A yellow draconian (D)
  A purple draconian (D)
  A deep elf high priest (D)
  2 hydras (D)
  2 dancing weapons (D)
  A spriggan (D)
  2 deep elf knights (D)
  A sun demon (D)
  A spriggan druid (D)
  3 deep elf archers (D)
  A lindwurm (D)
  An oklob plant (D)
  6 draconians (D)
  5 deep elf magi (D)
  A moth of wrath (shapeshifter) (D)
  A moth of wrath (D)
  2 orange demons (D)
  An ice devil (D)
  A komodo dragon (D)
  A tormentor (D)
  2 hellwings (D)
  2 polar bears (D)
  8 merfolk (D)
  A hornet (D)
  5 hippogriffs (D)
  5 air elementals (D)
  A tarantella (D)
  6 starcursed masses (D)
  A redback (D)
  A yak (D)
  A basilisk (D)
  A chaos spawn (D)
  2 large abominations (D)
  A neqoxec (D)
  2 insubstantial wisps (D)
  A porcupine (D)
  2 black bears (D)
  2 centaurs (D)
  3 wolves (D)
  A bullfrog (D)
  An earth elemental (D)
  2 scorpions (D)
  2 small abominations (D)
  2 crimson imps (D)
  2 orc priests (D)
  2 iron imps (D)
  2 orc wizards (D)
  3 river rats (D)
  A white imp (D)
  An adder skeleton (D)
  A bat zombie (D)
  A leopard gecko skeleton (D)
109 creatures vanquished.

Vanquished Creatures (others)
  A spatial maelstrom (D)
1 creature vanquished.

Grand Total: 110 creatures vanquished

Notes
Turn   | Place    | Note
-------+----------+-------------------------------------------
     0 | D        | Kidiri the Troll Monk began the quest for the Orb.
     0 | D        | Reached XP level 1. HP: 22/22 MP: 0/0
     0 | D        | Found a deep blue altar of Sif Muna.
     0 | D        | Found a bloodstained altar of Trog.
     0 | D        | Found a sacrificial altar of Ru.
     0 | D        | Found a stormy altar of Qazlal.
     0 | D        | Found an iron altar of Okawaru.
     1 | D        | Found a sparkling altar of Nemelex Xobeh.
     1 | D        | Found a blossoming altar of Fedhas.
     3 | D        | Found a transporter.
     3 | D        | Found an ancient bone altar of Kikubaaqudgha.
     3 | D        | Found a viscous altar of Jiyva.
     3 | D        | Found a corrupted altar of Lugonu.
     3 | D        | Found a hazy altar of Hepliaklqana.
     3 | D        | Found a burning altar of Makhleb.
     3 | D        | Found an opulent altar of Gozag.
     6 | D        | Banished a spatial maelstrom
    51 | D        | Became a worshipper of the Wu Jian Council
    51 | D        | Reached * piety under Wu Jian
    51 | D        | Reached ** piety under Wu Jian
    58 | D        | Reached skill level 1 in Armour
    58 | D        | Reached skill level 1 in Shields
    58 | D        | Reached skill level 4 in Unarmed Combat
    58 | D        | Reached skill level 1 in Evocations
    58 | D        | Reached XP level 2. HP: 31/31 MP: 1/1
    69 | D        | Entered arena 2.
    69 | D        | Found a transporter.
    98 | D        | Entered arena 3.
    98 | D        | Noticed a scorpion
    98 | D        | Noticed a tarantella
    98 | D        | Noticed a scorpion
    98 | D        | Found a transporter.
   108 | D        | Killed a scorpion
   108 | D        | Reached XP level 3. HP: 38/39 MP: 3/3
   112 | D        | Killed a scorpion
   112 | D        | Reached *** piety under Wu Jian
   112 | D        | Reached skill level 5 in Unarmed Combat
   112 | D        | Reached XP level 4. HP: 49/49 MP: 4/4
   115 | D        | Killed a tarantella
   115 | D        | Reached skill level 5 in Fighting
   115 | D        | Reached skill level 5 in Dodging
   115 | D        | Reached skill level 6 in Unarmed Combat
   115 | D        | Reached XP level 5. HP: 57/57 MP: 4/6
   115 | D        | Reached XP level 6. HP: 66/66 MP: 4/7
   146 | D        | Entered arena 4.
   146 | D        | Found a transporter.
   152 | D        | Reached **** piety under Wu Jian
   179 | D        | Entered arena 5.
   179 | D        | Found a transporter.
   187 | D        | Reached skill level 7 in Unarmed Combat
   332 | D        | Entered arena 6.
   332 | D        | Noticed a deep elf mage
   332 | D        | Noticed a deep elf archer
   332 | D        | Noticed a halberd of chopping
   332 | D        | Noticed a deep elf mage
   332 | D        | Noticed a deep elf mage
   332 | D        | Found a transporter.
   337 | D        | Killed a deep elf mage
   337 | D        | Reached skill level 8 in Unarmed Combat
   337 | D        | Reached XP level 7. HP: 48/76 MP: 8/8
   344 | D        | Killed a deep elf mage
   344 | D        | Reached ***** piety under Wu Jian
   344 | D        | Reached skill level 5 in Stealth
   344 | D        | Reached XP level 8. HP: 46/87 MP: 8/10
   350 | D        | Killed a halberd of chopping
   350 | D        | Reached skill level 9 in Unarmed Combat
   352 | D        | Killed a deep elf mage
   352 | D        | Reached skill level 5 in Armour
   352 | D        | Reached skill level 5 in Shields
   352 | D        | Reached XP level 9. HP: 36/96 MP: 8/11
   360 | D        | Killed a deep elf archer
   360 | D        | Reached skill level 10 in Unarmed Combat
   360 | D        | Reached skill level 5 in Evocations
   443 | D        | Entered arena 7.
   443 | D        | Noticed a spriggan druid
   443 | D        | Noticed a spriggan rider
   444 | D        | Found a transporter.
   446 | D        | Noticed a polar bear
   451 | D        | Reached ****** piety under Wu Jian
   454 | D        | Killed a polar bear
   460 | D        | Killed a spriggan druid
   471 | D        | Killed a spriggan rider
   471 | D        | Reached XP level 10. HP: 99/107 MP: 13/13
   504 | D        | Entered arena 8.
   510 | D        | Found a transporter.
   511 | D        | Reached skill level 11 in Unarmed Combat
   578 | D        | Entered arena 9.
   583 | D        | Found a transporter.
   615 | D        | Entered arena 10.
   616 | D        | Found a transporter.
   623 | D        | Reached skill level 10 in Fighting
   625 | D        | Reached skill level 10 in Dodging
   635 | D        | Reached XP level 11. HP: 93/117 MP: 14/14
   642 | D        | Reached skill level 12 in Unarmed Combat
   695 | D        | Entered arena 11.
   695 | D        | Noticed a white draconian
   695 | D        | Noticed a purple draconian
   695 | D        | Noticed a yellow draconian
   700 | D        | Found a transporter.
   718 | D        | Killed a purple draconian
   722 | D        | Killed a yellow draconian
   724 | D        | Killed a white draconian
   724 | D        | Reached skill level 13 in Unarmed Combat
   755 | D        | Got the amulet of Eneilao {+Blink Regen+}
   901 | D        | Entered arena 12.
   901 | D        | Noticed a cacodemon
   901 | D        | Noticed Inatsa the pandemonium lord
   902 | D        | Noticed a sun demon
   904 | D        | Found a transporter.
   915 | D        | Killed a sun demon
   916 | D        | Killed a cacodemon
   916 | D        | Reached XP level 12. HP: 68/130 MP: 16/16
   926 | D        | Killed Inatsa the pandemonium lord
   926 | D        | Reached skill level 14 in Unarmed Combat
  1052 | D        | Entered arena 13.
  1052 | D        | Noticed a six-headed hydra
  1053 | D        | Noticed an eight-headed hydra
  1058 | D        | Found a transporter.
  1063 | D        | Killed a 14-headed hydra
  1066 | D        | Killed a 12-headed hydra
  1068 | D        | Reached skill level 10 in Stealth
  1068 | D        | Reached XP level 13. HP: 44/141 MP: 18/18
  1231 | D        | Got the ring "Qitu" {*Drain +Fly rElec Dex+4}
  1233 | D        | Got the ring of Cefo {Wiz Str+6 Dex+4 SInv}
  1260 | D        | Entered arena 14.
  1263 | D        | Noticed a starcursed mass
  1275 | D        | Reached skill level 15 in Unarmed Combat
  1288 | D        | Found a transporter.
  1333 | D        | Entered arena 15.
  1334 | D        | Noticed a deep elf sorcerer
  1336 | D        | Noticed a deep elf blademaster
  1341 | D        | Noticed a deep elf annihilator
  1342 | D        | Killed a deep elf blademaster
  1342 | D        | Found a transporter.
  1345 | D        | Killed a deep elf sorcerer
  1346 | D        | Killed a deep elf annihilator
  1372 | D        | Gained mutation: Your system is resistant to poisons. (rPois) [mutagenic meat]
  1373 | D        | Gained mutation: Armour fits poorly on your strangely shaped body. [mutagenic meat]
  1425 | D        | Entered arena 16.
  1426 | D        | Noticed a purple draconian
  1426 | D        | Noticed a white draconian
  1426 | D        | Noticed an Orb Guardian
  1426 | D        | Noticed a death cob
  1426 | D        | Noticed a red draconian
  1426 | D        | Noticed a yellow draconian
  1427 | D        | Noticed a white draconian
  1427 | D        | Noticed a tentacled monstrosity
  1427 | D        | Noticed a white draconian
  1427 | D        | Noticed a yellow draconian
  1427 | D        | Noticed a black draconian
  1429 | D        | Noticed an Orb Guardian
  1429 | D        | Noticed a black draconian
  1434 | D        | HP: 7/145 [Orb Guardian (28)]
  1435 | D        | Slain by an Orb Guardian

Vault maps used:
D:        sprint_v

Skill      XL: |  1  2  3  4  5  6  7  8  9 10 11 12 13 |
---------------+----------------------------------------+-----
Fighting       | 3 4 5 6 7 8 9 10 11 12 13 | 13.6
Armour         | 1 2 3 4 5 6 8 9 |  9.8
Dodging        | 3 4 5 6 7 8 10 11 12 13 | 13.7
Stealth        | 2 3 4 5 6 7 8 10 | 10.7
Shields        | 1 2 3 4 5 6 8 9 |  9.8
Unarmed Combat | 4 5 6 8 9 10 11 13 14 15 | 15.8
Evocations     | 1 2 3 4 5 6 7 8 9 |  9.2

Action                   |  1- 3 |  4- 6 |  7- 9 | 10-12 | 13-15 || total
-------------------------+-------+-------+-------+-------+-------++-------
Melee: Unarmed           |    26 |    48 |    77 |   214 |    97 ||   462
Throw: Tomahawk          |       |       |       |     3 |     5 ||     8
Invok: Serpent's Lash    |       |     1 |       |     2 |     2 ||     5
       Heavenly Storm    |       |       |       |     3 |     5 ||     8
Evoke: Wand              |       |       |       |     3 |       ||     3
  Use: Potion            |     2 |       |     1 |     3 |     1 ||     7
       Scroll            |       |       |       |     1 |       ||     1
 Stab: Distracted        |       |       |     1 |       |       ||     1
  Eat: Chunk             |       |     9 |     1 |     5 |     6 ||    21
Armor: Robe              |     4 |     1 |       |       |       ||     5
       Gold dragon scale |       |     3 |    15 |    92 |    12 ||   122
Dodge: Dodged            |    16 |     1 |     1 |    27 |     4 ||    49
Block: Shield            |    21 |    34 |    59 |   211 |    61 ||   386
       Reflection        |       |       |       |     2 |     5 ||     7
